 Dungeon Sprint DCSS version 0.13-a0-2776-g5b28ffd (webtiles) character file.

2258 Bastard the Imperceptible (level 8, -13/55 HPs)
             Began as a Vampire Assassin on Aug 24, 2013.
             Mangled by a sun demon (25 damage)
             ... summoned by a kobold demonologist
             ... in the Dungeon (Sprint I: "Red Sonja").
             The game lasted 00:05:03 (2951 turns).

Bastard the Imperceptible (Vampire Assassin)        Turns: 2951, Time: 00:05:04

HP -13/55        AC  3     Str 10      XL: 8   Next: 62%
MP   8/8         EV 12     Int 13      God:
Gold 665         SH  0     Dex 17      Spells:  0 memorised,  7 levels left

Res.Fire  : . . .   See Invis. : +   b - +1 blowgun
Res.Cold  : + + +   Warding    : .   p - +2 robe {rC+}
Life Prot.: + + +   Conserve   : .   (no shield)
Res.Poison: +       Res.Corr.  : .   (no helmet)
Res.Elec. : .       Clarity    : .   d - +0 cloak
Sust.Abil.: . .     Spirit.Shd : .   (no gloves)
Res.Mut.  : .       Prev.Telep.: +   (no boots)
Res.Rott. : +       Flight     : .   (no amulet)
Saprovore : . . .                    (no ring)
                                     o - cursed -2 ring of protection

@: non-regenerating, somewhat resistant to hostile enchantments, uncannily
stealthy
A: bottle blood, fangs 3, see invisible, unbreathing
a: Bat Form, Bottle Blood


You were in the Dungeon.
You were bloodless.

You visited 1 branch You collected 628 gold pieces.
You spent 13 gold pieces at shops.

Inventory:

Hand weapons
 a - a +2,+1 dagger {=f}
 b - a +1 blowgun (weapon)
 m - a +0,+0 short sword of draining
Missiles
 e - 8 poisoned needles
 f - 7 curare-tipped needles (quivered)
Armour
 d - a +0 cloak (worn)
 p - a +2 robe of cold resistance (worn)
Scrolls
 g - a scroll of magic mapping
 n - a scroll of recharging {unknown}
Jewellery
 o - a cursed -2 ring of protection (left hand)
Potions
 h - a potion of curing
 i - 2 potions of heal wounds
 j - a potion of speed
 k - 2 potions of magic
 l - a potion of berserk rage


   Skills:
 - Level 1.7 Fighting
 + Level 10.1 Short Blades
 - Level 1.5 Throwing
 - Level 1.1 Dodging
 - Level 23.4 Stealth


You had 7 spell levels left.
You didn't know any spells.

Dungeon Overview and Level Annotations

Branches:
Dungeon (1/1)

Altars:
Ashenzari
Cheibriados
Elyvilon
Fedhas
Kikubaaqudgha
Okawaru
Trog
Vehumet
Xom

Shops:
D }[

Annotations:
D exclusion: 5 doors


Innate Abilities, Weirdness & Mutations

You do not heal naturally.
You can bottle blood from corpses.
You have razor-sharp teeth.*
You have supernaturally acute eyesight.
You can survive without breathing.*


Message History

The curare-tipped needle hits the kobold demonologist.
The kobold demonologist is moderately wounded.
The kobold demonologist looks even sicker.
The kobold demonologist convulses.
The sun demon misses you. The sun demon barely misses you.
The sun demon hits you!
You are engulfed in flames!
The kobold demonologist mumbles some strange words.
There is an open door here.
You kill the kobold demonologist!
Your Short Blades skill increases to level 10!
The sun demon hits you.
You are engulfed in flames!
* * * LOW HITPOINT WARNING * * *
There is an open door here.
Firing (i - inventory. (,) - cycle):
f - 8 curare-tipped needles (quivered)
Press: ? - help, Shift-Dir - straight line, f - you Really target yourself?
You shoot a curare-tipped needle. The curare-tipped needle hits you!
* * * LOW HITPOINT WARNING * * *
The sun demon hits you!
You die...

##########################****
#<<#..'..#.)'@3#__#)§3...#,,*,
#<.'..#.)'..#..K.43..#...#*+*,
#..#####'#####'#__####...+,,*,
#..####..#...#.####,,#####,,+,
#..#_.####..##)#≈≈≈ ,*,, *+***
#..#.....##'#..+≈≈≈,, ,, ,,,,
#⌠⌠#_.∩...'..._#≈≈≈,,* ,*,,,,,
####.....##_.#'##+###** ***,,,
*,,#_._._###'#.#...(# *,+,*,,,


You could see a soul eater, a sun demon, a rotting devil and a kobold
demonologist.

Vanquished Creatures
  A deep troll (D)
  A giant amoeba (D)
  Sonja (D)
  An elephant slug (D)
  A kobold demonologist (D)
  An ogre (D)
  Sigmund (D)
  A jelly (D)
  Ijyb (D)
  A giant eyeball (D)
10 creatures vanquished.

Vanquished Creatures (others)
  A metal gargoyle (D)
1 creature vanquished.

Grand Total: 11 creatures vanquished

Notes
Turn   | Place    | Note
--------------------------------------------------------------
     0 | D        | Bastard, the Vampire Assassin, began the quest for the Orb.
     0 | D        | Reached XP level 1. HP: 15/15 MP: 1/1
   382 | D        | Killed a metal gargoyle
  2683 | D        | Noticed Ijyb
  2685 | D        | Killed Ijyb
  2685 | D        | Reached skill level 9 in Stealth
  2685 | D        | Reached XP level 2. HP: 21/21 MP: 2/2
  2688 | D        | Noticed an ogre
  2690 | D        | Killed an ogre
  2690 | D        | Reached skill level 14 in Stealth
  2690 | D        | Reached XP level 3. HP: 26/26 MP: 3/3
  2690 | D        | Reached XP level 4. HP: 32/32 MP: 4/4
  2693 | D        | Soner: Why not VpEn?
  2693 | D        | Noticed Sigmund
  2695 | D        | Killed Sigmund
  2695 | D        | Reached skill level 16 in Stealth
  2695 | D        | Reached XP level 5. HP: 38/38 MP: 5/5
  2698 | D        | Bastard: free curare
  2702 | D        | dck: masterful usage of door angles son
  2721 | D        | Found an iron altar of Okawaru.
  2722 | D        | Noticed a jelly
  2723 | D        | Found a snail-covered altar of Cheibriados.
  2725 | D        | dck: I'm proud
  2727 | D        | Killed a jelly
  2727 | D        | Reached skill level 17 in Stealth
  2753 | D        | Noticed Sonja
  2755 | D        | Killed Sonja
  2755 | D        | Reached skill level 20 in Stealth
  2755 | D        | dck: also
  2755 | D        | Reached XP level 6. HP: 44/44 MP: 6/6
  2768 | D        | dck: you can kill other things than sonja
  2768 | D        | Bastard: but the sprint is named "red sonja"
  2768 | D        | dck: so you have a better chance at stabbing her without wasting stuff
  2768 | D        | Bastard: not "red elephant slug"
  2769 | D        | dck: oh nvm then
  2770 | D        | Soner: Go kill the centaur.
  2770 | D        | Bastard: i've forgotten what is behind that top door
  2770 | D        | Bastard: oh right, centaur warrior
  2770 | D        | Bastard: if i managed to kill that before sonja i'd be delighted
  2772 | D        | Bastard: dare i equip the short sword?
  2776 | D        | Soner: ALWAYS wield glownig weapons. I mean, what's the worst taht could happen?
  2777 | D        | dck: wb
  2777 | D        | dck: wb
  2777 | D        | dck: wb
  2777 | D        | dck: wb
  2777 | D        | Bastard: i mean it's pretty obvious it's gonna be distortion
  2777 | D        | Tolias: abyss was removed from sprints innit
  2778 | D        | Bastard: oh
  2778 | D        | dck: shit
  2778 | D        | Bastard: lame
  2778 | D        | dck: tough luck bro
  2778 | D        | Bastard: nah
  2781 | D        | Noticed a deep troll
  2785 | D        | Soner: Tolias, it's not the real abyss, but there's still one of sorts if I remember correctly.
  2794 | D        | Killed a deep troll
  2794 | D        | Reached skill level 23 in Stealth
  2794 | D        | Reached XP level 7. HP: 49/49 MP: 7/7
  2827 | D        | Bastard: dicks
  2827 | D        | Bastard: *dicks and shit
  2841 | D        | dck: I've never been banished in a sprint
  2846 | D        | Bastard: oh hey
  2851 | D        | Found a shimmering altar of Xom.
  2851 | D        | Found a blossoming altar of Fedhas.
  2851 | D        | Found Shumm's Antique Armour Emporium.
  2851 | D        | Noticed an elephant slug
  2852 | D        | Found a bloodstained altar of Trog.
  2852 | D        | Found a white marble altar of Elyvilon.
  2853 | D        | Killed an elephant slug
  2853 | D        | Reached XP level 8. HP: 55/55 MP: 8/8
  2854 | D        | Found a bloodstained altar of Trog.
  2858 | D        | Bought an embroidered robe for 13 gold pieces
  2865 | D        | Soner: You should probably just take a picture of this so you remember it later.
  2879 | D        | Found Xoihic's Gadget Boutique.
  2881 | D        | dck: that's cheating
  2893 | D        | Bastard: hall o' muts
  2903 | D        | Soner: Nah, cheating would be looking up the vault map.
  2912 | D        | Found a shattered altar of Ashenzari.
  2912 | D        | Found a radiant altar of Vehumet.
  2912 | D        | Noticed a giant amoeba
  2913 | D        | Found an ancient bone altar of Kikubaaqudgha.
  2913 | D        | Found a snail-covered altar of Cheibriados.
  2915 | D        | Killed a giant amoeba
  2929 | D        | Noticed a kobold demonologist
  2930 | D        | Noticed a kobold demonologist
  2932 | D        | Paralysed by a giant eyeball for 4 turns
  2936 | D        | Noticed a soul eater
  2936 | D        | Bastard: no
  2943 | D        | Noticed a sun demon
  2947 | D        | Killed a kobold demonologist
  2947 | D        | Reached skill level 10 in Short Blades
  2950 | D        | dck: rip
  2951 | D        | Bastard: time to rip in peace
  2951 | D        | Mangled by a sun demon

Action                   |  1- 3 |  4- 6 |  7- 9 || total
-------------------------+-------+-------+-------++-------
Melee: Dagger            |     2 |     3 |     2 ||     7
       Short sword       |       |       |     2 ||     2
 Fire: Blowgun           |       |     4 |     4 ||     8
  Use: Scroll            |       |     1 |     1 ||     2
 Stab: Sleeping          |     2 |     3 |     2 ||     7
